AoeStats
← FM-TheVoid

Nomad

507842534Analyzed
2v2 RM · 12d ago on Sep 19, 2026· 30m 18s· 4 players
Game mode
Random Map
Map size
176×176
Population
200
Speed
Normal
Resources
Standard
Victory
Conquest
Starting age
Dark Age
Ending age
Imperial Age
RankedLock teamsTeams togetherTeam positionsShared explorationLock speedFull tech treeHidden civsTurbo modeCheats
Victory
Defeat
🇦🇷 Huns · Argentina
1207
+12
🇮🇹 Japanese · Italy
1126
+15
🇦🇷 Franks · Argentina
1115
-14
🇦🇷 Mongols · Argentina
1098
-13
davidents
7:09 Loom
17:59 Feudal Age
20:04 Stone Mining
23:08 Fletching
26:12 Castle Age
25:46 Forging
30:01 Bodkin Arrow
FM-TheVoid
5:15 Loom
13:14 Feudal Age
15:11 Double-Bit Axe
18:43 Castle Age
18:19 Scale Barding Armor
19:30 Forging
19:45 Medium Warships
20:28 Husbandry
20:40 Bloodlines
20:53 Fishing Lines
23:46 Horse Collar
25:55 Gillnets
28:05 Chain Barding Armor
27:41 Gold Mining
30:37 Wheelbarrow
KZA
5:17 Loom
16:47 Feudal Age
25:22 Castle Age
25:54 Scale Barding Armor
26:00 Forging
Pancito
10:53 Loom
17:15 Feudal Age
20:28 Double-Bit Axe
24:45 Castle Age
Connection lost

Rejoining the realm…

Still unreachable

The connection could not be restored.

Session expired

The server has moved on; the page needs a fresh start.